AoeStats
← 牛油果

Nomad

508208180Analyzed
4v4 RM · 11d ago on Sep 21, 2026· 42m 51s· 8 players
Game mode
Random Map
Map size
231×231
Population
200
Speed
Normal
Resources
Standard
Victory
Conquest
Starting age
Dark Age
Ending age
Imperial Age
RankedLock teamsTeams togetherTeam positionsShared explorationLock speedFull tech treeHidden civsTurbo modeCheats
Victory
Defeat
🇮🇳 Celts · India
2045
+3
🇻🇳 Persians · Vietnam
2004
+4
🇩🇪 Dravidians · Germany
1981
+4
🇲🇦 Huns · Morocco
1666
+14
🇭🇰 Tupi · Hong Kong SAR China
1723
-8
🇭🇰 Persians · Hong Kong SAR China
1694
-8
🇨🇳 Spanish · China
1644
-5
🇭🇰 Vietnamese · Hong Kong SAR China
1597
-4
牛油果
13:26 Feudal Age
14:12 Loom
14:30 Double-Bit Axe
17:15 Castle Age
16:13 Fletching
16:19 Fishing Lines
16:44 Gold Mining
18:06 Bodkin Arrow
18:21 Bow Saw
19:54 Padded Archer Armor
22:14 Ballistics
23:31 Bloodlines
31:35 Horse Collar
32:51 Heavy Plow
33:46 Wheelbarrow
38:02 Thumb Ring
38:54 Husbandry
_luN
11:50 Loom
14:06 Feudal Age
14:50 Double-Bit Axe
22:20 Castle Age
21:47 Gold Mining
23:07 Medium Warships
23:59 Bow Saw
28:41 Horse Collar
31:40 Bloodlines
41:07 Fishing Lines
45:27 Imperial Age
Sakmelo
7:23 Loom
13:08 Feudal Age
17:14 Castle Age
16:12 Double-Bit Axe
16:17 Gold Mining
16:18 Fletching
18:38 Bodkin Arrow
25:14 Ballistics
34:03 Wheelbarrow
37:51 Imperial Age
35:56 Bow Saw
35:27 Horse Collar
36:03 Padded Archer Armor
40:36 Imperial Age
43:13 Imperial Age
Bz_
7:15 Loom
15:21 Feudal Age
19:21 Castle Age
17:05 Fishing Lines
18:06 Double-Bit Axe
20:49 Medium Warships
21:48 Town Watch
23:19 Fletching
24:15 Bodkin Arrow
29:56 Padded Archer Armor
39:08 Fortified Wall
42:58 Gillnets
DS_Dragonstar
6:04 Loom
13:42 Feudal Age
17:24 Castle Age
15:10 Double-Bit Axe
15:34 Fishing Lines
16:59 Town Watch
17:00 Loom
18:19 Gillnets
18:40 Bow Saw
19:03 Medium Warships
20:11 Gold Mining
21:45 Horse Collar
24:48 Town Patrol
25:25 Wheelbarrow
25:19 Stone Mining
28:03 Fletching
32:16 Imperial Age
31:29 Scale Mail Armor
31:42 Forging
32:53 Hand Cart
33:48 Conscription
33:44 Chain Mail Armor
35:04 Plate Mail Armor
35:44 Elite Woad Raider
37:27 Iron Casting
37:01 Bodkin Arrow
37:58 Gold Shaft Mining
40:07 Blast Furnace
39:01 Stronghold
40:39 Ballistics
41:47 Chemistry
40:58 Masonry
42:07 Coinage
42:15 Arson
42:24 Treadmill Crane
ÐàLat«Gô°Kµ»
11:37 Feudal Age
12:16 Town Watch
15:52 Castle Age
14:20 Fishing Lines
14:46 Double-Bit Axe
15:33 Loom
15:47 Fletching
16:23 Bodkin Arrow
19:39 Padded Archer Armor
27:25 Bow Saw
27:52 Wheelbarrow
28:19 Horse Collar
28:40 Elite Skirmisher
31:54 Leather Archer Armor
32:15 Ballistics
38:00 Stone Mining
38:02 Gold Mining
39:44 Heavy Plow
43:43 Imperial Age
42:45 Hand Cart
43:14 Scale Barding Armor
RoR | Smokealot
10:07 Loom
11:58 Feudal Age
13:18 Double-Bit Axe
13:55 Fletching
23:29 Castle Age
23:55 Castle Age
30:03 Wheelbarrow
39:54 Fishing Lines
42:29 Gold Mining
Youssef
4:59 Loom
15:08 Feudal Age
16:54 Double-Bit Axe
19:46 Castle Age
21:05 Scale Barding Armor
23:22 Fishing Lines
24:06 Bow Saw
25:28 Chain Barding Armor
29:17 Forging
31:56 Bloodlines
31:46 Husbandry
33:51 Wheelbarrow
33:52 Iron Casting
38:01 Hand Cart
38:25 Medium Warships
38:32 Gillnets
45:29 Imperial Age
Connection lost

Rejoining the realm…

Still unreachable

The connection could not be restored.

Session expired

The server has moved on; the page needs a fresh start.